 Dungeon Crawl Stone Soup version 0.28-a0-479-g5baa6b73be (webtiles) character file.

Game seed: 2701087321775525032

107 robertstho the Magician (level 5, -3/38 HPs)
             Began as a Djinni Fire Elementalist on Sept 17, 2021.
             Killed by nerve-wracking pain
             ... invoked by Grinder
              (10 damage)
             ... on level 3 of the Dungeon.
             The game lasted 00:04:38 (2795 turns).

robertstho the Magician (Djinni Fire Elementalist)  Turns: 2795, Time: 00:04:39

Health: -3/38      AC:  4    Str:  7    XL:     5   Next: 10%
Gold:   152        EV: 12    Int: 17    God:
                   SH:  0    Dex: 14

rFire   + + .      SeeInvis .   b - +0 dagger (venom)
rCold   x . .      Faith    .   (no shield)
rNeg    . . .      Spirit   .   a - +0 robe
rPois   ∞          Reflect  .   g - +0 helmet
rElec   .          Harm     .   (no cloak)
rCorr   .          Rampage  .   c - +0 pair of gloves
Will    .....                   (boots unavailable)
Stlth   ++........              (no amulet)
HPRegen 0.12/turn               (no ring)
MPRegen 0.00/turn               (no ring)

@: flying
A: sickness immunity, fire resistance 2, cold vulnerability 1, float, innate
caster, hp casting, extra vitality 1
a: no special abilities


You were on level 3 of the Dungeon.
You visited 1 branch of the dungeon, and saw 3 of its levels.

You collected 152 gold pieces.

Inventory:

Hand Weapons
 b - a +0 dagger of venom (weapon)
 d - a +0 dagger
Armour
 a - a +0 robe (worn)
 c - a +0 pair of gloves (worn)
 g - a +0 helmet (worn)
Wands
 h - a wand of flame (8)
Scrolls
 f - a scroll of identify {unknown}
 i - a scroll of vulnerability {unknown}
Potions
 e - a potion of resistance {unknown}
 j - a potion of magic {unknown}


   Skills:
 * Level 1.8 Fighting
 + Level 2.2 Dodging
 + Level 1.7 Stealth
 * Level 3.7 Spellcasting


You couldn't memorise any spells.
You knew the following spells:

 Your Spells              Type           Power      Damage    Failure   Level
a - Foxfire               Conj/Fire      64%        2x1d7     3%          1
b - Scorch                Fire           32%        2d6       5%          2
c - Conjure Flame         Conj/Fire      16%        6-21      11%         3
d - Inner Flame           Hex/Fire       16%        N/A       11%         3
e - Flame Wave            Conj/Fire      16%        3d5       34%         4
f - Summon Small Mammal   Summ           64%        N/A       3%          1
g - Static Discharge      Conj/Air       16%        N/A       5%          2
Your spell library was empty.

Dungeon Overview and Level Annotations

Branches:
Dungeon (3/15)

Altars:
Trog

Annotations:
D:3 Grinder


Innate Abilities, Weirdness & Mutations

You are immune to sickness and miasma.
You are immune to poison.
Your flesh is very heat resistant. (rF++)
You are vulnerable to cold. (rC-)
You float through the air rather than walking.
You learn spells naturally, not from books.
Your magical power is your life essence.
You have superior vitality. (+4 HP)


Message History

Confirm with . or Enter, or press ? or * to list all spells.
Flames lash the bat.
You kill the bat!
Unknown command.
Casting: Scorch (safe; 5% risk of failure)
Confirm with . or Enter, or press ? or * to list all spells.
Flames lash the gnoll.
You kill the gnoll!
Grinder closely misses you.
An orc comes into view. It is wielding a +0 war axe.
You have reached level 5!
The power to cast Static Discharge wells up from within.
Spell assigned to 'g'.
Casting: Scorch (safe; 5% risk of failure)
Confirm with . or Enter, or press ? or * to list all spells.
Flames lash the orc.
The orc is severely wounded.
The orc's fire resistance burns away.
Grinder barely misses you.
Unknown command.
Casting: Scorch (safe; 5% risk of failure)
Confirm with . or Enter, or press ? or * to list all spells.
Grinder is struck by an arc of lightning!
Grinder is almost dead.
You are struck by an arc of lightning.
The lightning grounds out.
Grinder barely misses you.
Casting: Static Discharge (safe; 5% risk of failure)
Confirm with . or Enter, or press ? or * to list all spells.
Flames lash the orc.
The orc is burned terribly!
You kill the orc!
* * * LOW HITPOINT WARNING * * *
You hear a shout! x2
Grinder hits you.
* * * LOW HITPOINT WARNING * * *
You writhe in agony.
* * * LOW HITPOINT WARNING * * *
An orc comes into view. It is wielding a +0 dagger.
Grinder is no longer more vulnerable to fire.
Grinder gestures at you. Pain shoots through your body!
You die...

#+# .)... #
#.# ..... ..
#.#......
##.##
#.#..)...
#.....#.#....
#.....#.)..
........5##
#......@†.#
#.........#
#.#####)..#
o.....
.†##### ..).
.... ...!.


You could see Grinder and an orc.

Vanquished Creatures
  Robin (D:2)
  3 gnolls (D:3)
  2 adders (D:2)
  A dart slug (D:2)
  An orc (D:3)
  3 bats
  4 endoplasms
  2 giant cockroaches
  14 goblins
  6 hobgoblins
  A quokka (D:3)
  3 kobolds
41 creatures vanquished.

Vanquished Creatures (others)
  118 foxfires
118 creatures vanquished.

Grand Total: 159 creatures vanquished

Notes
Turn   | Place    | Note
-------+----------+-------------------------------------------
     0 | D:1      | robertstho the Djinni Fire Elementalist began the quest for
                  | the Orb.
     0 | D:1      | Reached XP level 1. HP: 15/15 MP: 0/0
   640 | D:1      | Reached XP level 2. HP: 19/22 MP: 0/0
  1195 | D:2      | Reached skill level 3 in Spellcasting
  1195 | D:2      | Reached XP level 3. HP: 21/26 MP: 0/0
  1195 | D:2      | Learned a level 1 spell: Summon Small Mammal
  1324 | D:2      | Noticed Robin
  1325 | D:2      | Reached skill level 1 in Fighting
  1824 | D:2      | Found a bloodstained altar of Trog.
  1941 | D:2      | Reached XP level 4. HP: 28/32 MP: 0/0
  2064 | D:2      | Killed Robin
  2339 | D:2      | Found a faded altar of an unknown god.
  2783 | D:3      | Noticed Grinder
  2792 | D:3      | Reached XP level 5. HP: 17/38 MP: 0/0
  2792 | D:3      | Learned a level 2 spell: Static Discharge
  2795 | D:3      | Killed from afar by Grinder

Illustrated notes

Levels and vault maps discovered:
D:1:      nicolae_arrival_washed_ashore, layout_rooms, minmay_tripent
D:2:      layout_loops_ring, shapermc_ecumenical_altar_mp_vishouse, basic_altar,
          chequers_serial_rivers_micro_b, uniq_robin
D:3:      layout_basic, uniq_crazy_yiuf_cottage, uniq_grinder

Skill      XL: |  1  2  3 |
---------------+----------+-----
Spellcasting   | 3 |  3.7
Fighting       | 1 |  1.8
Dodging        | |  2.2
Stealth        | |  1.7

Action                   |  1- 3 |  4- 6 || total
-------------------------+-------+-------++-------
Melee: Unarmed           |     1 |       ||     1
       Dagger            |     7 |     2 ||     9
 Cast: Foxfire           |    37 |    38 ||    75
       Scorch            |    16 |     6 ||    22
       Static Discharge  |       |     1 ||     1
  Use: Potion            |     4 |       ||     4
       Scroll            |     1 |       ||     1
 Stab: Sleeping          |     1 |       ||     1
Armor: Robe              |    13 |     3 ||    16
Dodge: Dodged            |    22 |     6 ||    28

Table legend: (Time is in decaauts)
 A = Elapsed time spent in this place.
 B = Non-inter-level travel time spent in this place.
 C = Inter-level travel time spent in this place.
 D = Time resting spent in this place.
 E = Time spent auto-exploring this place.
 F = Levels seen in this place.
 G = Mean time per level.
                   A        B        C        D        E       F      G
               +--------+--------+--------+--------+--------+-----+--------+
         Total |   2779 |   2665 |    114 |    259 |   2147 |   3 |  926.3 |
       Dungeon |   2779 |   2665 |    114 |    259 |   2147 |   3 |  926.3 |
               +--------+--------+--------+--------+--------+-----+--------+

Top non-repeatable levels by time:
     D:2: 1458 daAuts
     D:1: 1302 daAuts
     D:3: 19 daAuts
